 Dungeon Crawl Stone Soup version 0.26-a0-712-ga5a9c9c9d0 (webtiles) character file.

Game seed: 14556335988161649188

177 kae the Insei (level 5, -4/34 HPs)
             Began as an Octopode Transmuter on Nov 11, 2020.
             Killed by divine providence
             ... invoked by an orc priest
              (14 damage)
             ... on level 3 of the Dungeon.
             The game lasted 00:02:13 (3109 turns).

kae the Insei (Octopode Transmuter)                 Turns: 3109, Time: 00:02:13

Health: -4/34      AC:  2    Str: 16    XL:     5   Next: 57%
Magic:  6/8        EV: 21    Int: 16    God:
Gold:   109        SH:  0    Dex: 23    Spells: 0/9 levels left

rFire    . . .     SeeInvis .     - Unarmed
rCold    . . .     Faith    .   (shield currently unavailable)
rNeg     . . .     Spirit   .   (helmet currently unavailable)
rPois    x         Reflect  .   (no amulet)
rElec    .         Harm     .   c - +6 ring of strength
rCorr    .         Rampage  .   i - ring of flight
MR       .....                  o - +6 ring of dexterity
Stlth    ++........             (no ring)
HPRegen  0.11/turn              (no ring)
MPRegen  0.11/turn              (no ring)
                                (no ring)
                                (no ring)

@: spider-form (expiring)
A: tiny, almost no armour, stealthy swim, (amphibious), 8 rings, (constrict 8)
a: End Transformation, Evoke Flight


You were on level 3 of the Dungeon.
You were a venomous arachnid creature.
You visited 1 branch of the dungeon, and saw 3 of its levels.

You collected 109 gold pieces.

Inventory:

Jewellery
 c - a +6 ring of strength (left front leg)
 i - a ring of flight (right front leg)
 o - a +6 ring of dexterity (on tentacle)
Scrolls
 a - a scroll of enchant weapon
 b - a scroll of magic mapping {unknown}
 d - a scroll of remove curse
 f - a scroll of fog {unknown}
 h - 4 scrolls of teleportation
 k - a scroll of amnesia
Potions
 e - 3 potions of curing
 g - a potion of flight {unknown}
 j - a potion of stabbing {unknown}
 l - a potion of might {unknown}
 m - 2 potions of degeneration {unknown}


   Skills:
 + Level 2.1 Fighting
 + Level 2.7 Dodging
 * Level 4.1 Unarmed Combat
 + Level 2.5 Spellcasting
 * Level 3.3 Transmutations


You couldn't memorise any spells.
You knew the following spells:

 Your Spells              Type           Power        Failure   Level
a - Beastly Appendage     Tmut           ##....       14%         1
b - Spider Form           Tmut/Pois      #.........   52%         3
c - Blade Hands           Tmut           ##........   92%         5

Your spell library contained the following spells:

 Spells                   Type           Power        Failure   Level
 Wereblood                Tmut           ##......     21%         2
 Ice Form                 Ice/Tmut       #.......     86%         4


Dungeon Overview and Level Annotations

Branches:
Dungeon (3/15)

Altars:
Ashenzari

Annotations:
D:3 Grinder


Innate Abilities, Weirdness & Mutations

You cannot wear most types of armour.
You are very stealthy in the water. (Stealth+)
((You are amphibious.))
You can wear up to eight rings at the same time.
((You can use your tentacles to constrict eight enemies at once.))
((Your skin changes colour to match your surroundings (Stealth+).))
((Your rubbery body absorbs attacks. (AC +1, EV +1)))


Message History

The orc priest barely misses you.
Grinder shouts!
You bite the orc priest!
The orc priest is poisoned.
The orc priest is heavily wounded.
Your transformation is almost over.
You hear a shout!
The orc hits you but does no damage.
Grinder blinks!
The orc priest calls down the wrath of Beogh upon you.
Beogh smites you!
* * * LOW HITPOINT WARNING * * *
You feel better.
The orc hits you from afar with a +0 trident.
* * * LOW HITPOINT WARNING * * *
Grinder closely misses you. The orc priest completely misses you.
You feel better. Grinder hits you!
You writhe in agony.
* * * LOW HITPOINT WARNING * * *
The orc barely misses you.
The orc priest calls down the wrath of Beogh upon you.
Beogh smites you!
You die...

.....# # #....# . ..
+..†.#.# #.# o.
#....#.###..###. .#
.....#.#........ .#
...#..>..####§### ..
.......#.##.....##o#
).##.###.#.......#.##
.........#.....5s#).#
.#..........._...o..#
.#..####†#.......#o.#
.#.......#.[.....#..#
.+....#..##.....##....
##....##.####.####.##'#
##.#####[...............
##.......##.....###..
..' ##....########### .
.#


You could see Grinder, an orc priest (very poisoned) and an orc.

Vanquished Creatures
  An orc wizard (D:2)
  Terence (D:2)
  6 adders
  A worm (D:2)
  2 leopard geckos
  7 orcs
  2 ball pythons (D:1)
  2 giant cockroaches
  6 goblins
  7 hobgoblins
  3 jackals (D:2)
  A quokka (D:3)
  4 bats
  4 frilled lizards
  4 kobolds
  9 rats
60 creatures vanquished.

Notes
Turn   | Place    | Note
-------+----------+-------------------------------------------
     0 | D:1      | kae the Octopode Transmuter began the quest for the Orb.
     0 | D:1      | Reached XP level 1. HP: 13/13 MP: 3/3
   163 | D:1      | Reached XP level 2. HP: 18/18 MP: 3/5
   965 | D:1      | Reached XP level 3. HP: 23/23 MP: 6/6
   970 | D:1      | Learned a level 3 spell: Spider Form
  1374 | D:2      | Reached XP level 4. HP: 2/28 MP: 7/7
  1764 | D:2      | Noticed Terence
  1897 | D:2      | Killed Terence
  2619 | D:2      | Reached skill level 4 in Unarmed Combat
  2619 | D:2      | Reached XP level 5. HP: 32/34 MP: 6/8
  2859 | D:2      | Learned a level 5 spell: Blade Hands
  2919 | D:3      | Found a broken altar of Ashenzari.
  3106 | D:3      | Noticed Grinder
  3109 | D:3      | Killed from afar by an orc priest

Illustrated notes

Levels and vault maps discovered:
D:1:      lightli_arrival_statue_moat, layout_loops_ring
D:2:      layout_basic, uniq_terence
D:3:      layout_basic, grunt_temple_overflow_magic_moments, old_standard_altar,
          biasface_ghost_orc_armoury,
          nicolae_gozag_cash_rules_everything_around_me, uniq_grinder

Skill      XL: |  1  2  3  4  5 |
---------------+----------------+-----
Transmutations | 3 |  3.3
Unarmed Combat | 4 |  4.1
Fighting       | 2 |  2.1
Dodging        | |  2.7
Spellcasting   | |  2.5

Action                   |  1- 3 |  4- 6 || total
-------------------------+-------+-------++-------
Melee: Unarmed           |    59 |    64 ||   123
       Constrict         |    16 |    20 ||    36
       Tentacles         |    13 |    11 ||    24
       Kick              |     5 |    13 ||    18
       Punch             |       |     2 ||     2
 Cast: Beastly Appendage |    12 |    10 ||    22
       Spider Form       |       |     2 ||     2
  Use: Scroll            |       |     7 ||     7
       Potion            |       |     2 ||     2
 Stab: Sleeping          |     4 |     3 ||     7
Armor: Skin              |     1 |     5 ||     6
Dodge: Dodged            |    35 |    68 ||   103

Table legend: (Time is in decaauts)
 A = Elapsed time spent in this place.
 B = Non-inter-level travel time spent in this place.
 C = Inter-level travel time spent in this place.
 D = Time resting spent in this place.
 E = Time spent auto-exploring this place.
 F = Levels seen in this place.
 G = Mean time per level.
                   A        B        C        D        E       F      G
               +--------+--------+--------+--------+--------+-----+--------+
         Total |   3099 |   3007 |     92 |    178 |   2389 |   3 | 1033.0 |
       Dungeon |   3099 |   3007 |     92 |    178 |   2389 |   3 | 1033.0 |
               +--------+--------+--------+--------+--------+-----+--------+

Top non-repeatable levels by time:
     D:2: 1550 daAuts
     D:1: 1308 daAuts
     D:3: 240 daAuts
